 Dungeon Crawl Stone Soup version 0.29.1-15-g9cfb28693d (webtiles) character file.

Game seed: 14681367645092299325

35 Gabide the Shooter (level 3, 0/21 HPs)
             Began as a Deep Elf Hunter on Mar 23, 2023.
             Succumbed to an adder's poison
             ... on level 1 of the Dungeon.
             The game lasted 00:01:36 (623 turns).

Gabide the Shooter (Deep Elf Hunter)                 Turns: 623, Time: 00:01:37

Health: 0/21       AC:  3    Str:  8    XL:     3   Next: 17%
Magic:  5/5        EV: 13    Int: 13    God:
Gold:   42         SH:  0    Dex: 20    Spells: 2/2 levels left

rFire   . . .      SeeInvis .   a - +0 shortbow
rCold   . . .      Faith    .   (shield currently unavailable)
rNeg    . . .      Spirit   .   c - +0 leather armour
rPois   .          Reflect  .   (no helmet)
rElec   .          Harm     .   (no cloak)
rCorr   .          Rampage  .   (no gloves)
Will    .....                   (no boots)
Stlth   ++........              (no amulet)
HPRegen 0.07/turn               (no ring)
MPRegen 0.09/turn               (no ring)

@: lethally poisoned (0 -> -2)
A: no striking features
a: no special abilities


You were on level 1 of the Dungeon.
You visited 1 branch of the dungeon, and saw 2 of its levels.

You collected 42 gold pieces.

Inventory:

Hand Weapons
 a - a +0 shortbow (weapon)
Armour
 c - a +0 leather armour (worn)
Scrolls
 b - 2 scrolls of immolation
 d - a scroll of magic mapping {unknown}
 e - a scroll of blinking {unknown}
 f - a scroll of vulnerability {unknown}


   Skills:
 + Level 2.0 Fighting
 * Level 6.1 Ranged Weapons
 + Level 3.0 Dodging
 - Level 1.2 Stealth


You had 2 spell levels left.
You didn't know any spells.
Your spell library was empty.

Dungeon Overview and Level Annotations

Branches:
Dungeon (2/15)

Altars:

Annotations:
D:2 Sigmund


Message History

Aim: an adder (severely wounded, 51% to hit)
You shoot an arrow. The arrow closely misses the adder.
You feel sick. The adder bites you. Something hits you.
The adder barely misses you.
Fire: a) +0 shortbow
Press: ? - help, Q - select action Shift-Dir - straight line, f/p - adder
Aim: an adder (severely wounded, 51% to hit)
You shoot an arrow. The arrow misses the adder.
You feel sick.
You are no longer poisoned.
The adder misses you. The adder bites you.
You are poisoned.
The adder poisons you! Something hits you.
* * * LOW HITPOINT WARNING * * *
The adder barely misses you.
You climb upwards.
Reactivating autopickup.
* * * LOW HITPOINT WARNING * * *
You feel sick.
There is a stone staircase leading down here.
You aren't carrying any potions.
Fire: a) +0 shortbow
Press: ? - help, Q - select action Shift-Dir - straight line, f - adder
Aim: an adder (severely wounded, 51% to hit)
You shoot an arrow. The arrow hits the adder.
The adder is almost dead.
* * * LOW HITPOINT WARNING * * *
You feel sick. The adder bites you but does no damage.
Fire: a) +0 shortbow
Press: ? - help, Q - select action Shift-Dir - straight line, f/p - adder
Aim: an adder (almost dead, 51% to hit)
You shoot an arrow. The arrow misses the adder.
* * * LOW HITPOINT WARNING * * *
You feel sick. The adder barely misses you. x2
Fire: a) +0 shortbow
Press: ? - help, Q - select action Shift-Dir - straight line, f/p - adder
Aim: an adder (almost dead, 51% to hit)
You shoot an arrow. The arrow closely misses the adder.
You die...

............##..#.#
.....###....###...#
#...####....##...##
###..............#
# #..###.........#
####.###.....##..##
##.......###.###..#
####### .###..####
#.# #..###.....##
## ##..#####.#
#@S.#.......####
##...##..#
##.............#
###.##.##
#......######.#
#..#.#
#......#g...#.#
##...#
#####..#K...#.#
##### #..#>...#.#
##.#....#.#
#.######.#
#.......<#


You could see an adder.

Vanquished Creatures
  A ball python (D:1)
  4 endoplasms (D:1)
  2 giant cockroaches (D:1)
  3 goblins (D:1)
  5 hobgoblins (D:1)
  4 jackals (D:1)
  3 quokkas (D:1)
  4 bats (D:1)
  2 kobolds (D:1)
28 creatures vanquished.

Notes
Turn   | Place    | Note
-------+----------+-------------------------------------------
     0 | D:1      | Gabide the Deep Elf Hunter began the quest for the Orb.
     0 | D:1      | Reached XP level 1. HP: 12/12 MP: 3/3
   140 | D:1      | Reached XP level 2. HP: 17/17 MP: 4/4
   292 | D:1      | Reached skill level 6 in Ranged Weapons
   300 | D:1      | Reached XP level 3. HP: 21/21 MP: 5/5
   322 | D:1      | Found a faded altar of an unknown god.
   613 | D:2      | Noticed Sigmund
   621 | D:1      | HP: 1/21 [poisoned by an adder]
   623 | D:1      | Succumbed to an adder's poison

Illustrated notes

Levels and vault maps discovered:
D:1:      evilmike_arrival_come_back, layout_rooms,
          hellmonk_ecumenical_altar_run_dry, grunt_decor_fettered, hex_medium
D:2:      layout_loops_ring, uniq_sigmund

Skill      XL: |  1  2 |
---------------+-------+-----
Ranged Weapons | 6 |  6.1
Fighting       | 2 |  2.0
Dodging        | 3 |  3.0
Stealth        | |  1.2

Action                   || total
-------------------------++-------
 Fire: Shortbow          ||    89
Armor: Leather armour    ||    16
Dodge: Dodged            ||    33
